 Dungeon Crawl Stone Soup version 0.28.0-45-g0d030f2227 (webtiles) character file.

Game seed: 16461085378450719708

37 hawla the Digger (level 3, 0/19 HPs)
             Began as a Deep Elf Earth Elementalist on Apr 18, 2022.
             Succumbed to an adder's poison
             ... on level 2 of the Dungeon.
             The game lasted 00:03:52 (1324 turns).

hawla the Digger (Deep Elf Earth Elementalist)      Turns: 1324, Time: 00:03:52

Health: 0/19       AC:  2    Str:  7    XL:     3   Next: 21%
Magic:  6/10       EV: 12    Int: 19    God:
Gold:   83         SH:  0    Dex: 15    Spells: 6/9 levels left

rFire   . . .      SeeInvis .   (no weapon)
rCold   . . .      Faith    .   (no shield)
rNeg    . . .      Spirit   .   b - +0 robe
rPois   .          Reflect  .   (no helmet)
rElec   .          Harm     .   (no cloak)
rCorr   .          Rampage  .   (no gloves)
Will    .....                   (no boots)
Stlth   ++........              (no amulet)
HPRegen 0.06/turn               (no ring)
MPRegen 0.12/turn               (no ring)

@: lethally poisoned (0 -> -4), very slightly contaminated
A: no striking features
a: no special abilities


You were on level 2 of the Dungeon.
You visited 1 branch of the dungeon, and saw 2 of its levels.

You collected 83 gold pieces.

Inventory:

Missiles
 c - 84 stones
Armour
 b - a +0 robe (worn)
Scrolls
 d - a scroll of brand weapon {unknown}
 e - a scroll of acquirement {unknown}


   Skills:
 + Level 2.6 Dodging
 + Level 2.6 Stealth
 + Level 3.8 Spellcasting
 + Level 1.3 Transmutations
 + Level 4.0 Earth Magic


You had 6 spell levels left.
You knew the following spells:

 Your Spells              Type           Power      Damage    Failure   Level
a - Sandblast             Erth           38%        2d10      2%          1
b - Passwall              Tmut/Erth      10%        N/A       7%          2

Your spell library contained the following spells:

 Spells                   Type           Power      Damage    Failure   Level
 Stone Arrow              Conj/Erth      22%        3d8       19%         3
 Petrify                  Tmut/Erth      13%        N/A       41%         4


Dungeon Overview and Level Annotations

Branches:
Dungeon (2/15)

Altars:
The Shining One

Shops:
D:1 (

Annotations:
D:2 Jessica


Message History

An endoplasm comes into view.
Found a glowing golden altar of the Shining One.
There is a glowing golden altar of the Shining One here.
An adder comes into view.
The adder hisses angrily.
The endoplasm quivers.
Casting: Passwall (safe; 7% risk of failure)
Confirm with . or Enter, or press ? or * to list all spells.
Aiming: Sandblast (safe; 2% risk of failure)
Press: ? - help, Shift-Dir - straight line, f - adder
Aim: an adder (66% to hit)
You miscast Sandblast.
You are very lightly contaminated with residual magic.
Nothing appears to happen.
Casting: Sandblast (safe; 2% risk of failure)
Confirm with . or Enter, or press ? or * to list all spells.
Aiming: Sandblast (safe; 2% risk of failure)
Press: ? - help, Shift-Dir - straight line, f/p - adder
Aim: an adder (66% to hit)
The blast of sand misses the adder.
The adder bites you.
* * * LOW HITPOINT WARNING * * *
You are lethally poisoned!
The adder poisons you!
Casting: Sandblast (safe; 2% risk of failure)
Confirm with . or Enter, or press ? or * to list all spells.
Aiming: Sandblast (safe; 2% risk of failure)
Press: ? - help, Shift-Dir - straight line, f/p - adder
Aim: an adder (66% to hit)
The blast of sand hits the adder!
The adder is almost dead.
* * * LOW HITPOINT WARNING * * *
You feel sick. The adder closely misses you.
Casting: Sandblast (safe; 2% risk of failure)
Confirm with . or Enter, or press ? or * to list all spells.
Aiming: Sandblast (safe; 2% risk of failure)
Press: ? - help, Shift-Dir - straight line, f/p - adder
Aim: an adder (almost dead, 66% to hit)
The blast of sand hits the adder!
You kill the adder!
You die...

## ....
######...###
.. ... ....
+...'.. ##
#. #####..#
#...###
#......#
#...#
#......#
#...#
##.._...#
#####
#..J...## ##
##......# #.
#.@####.# #.
#.....## .#
#. ##.####
.# #. # # #.
#. #. #. #.
#.


You could see an endoplasm.

Vanquished Creatures
  An adder (D:2)
  2 dart slugs
  3 endoplasms
  5 goblins
  4 hobgoblins (D:1)
  3 jackals (D:2)
  4 ball pythons
  2 bats
  2 frilled lizards
  A kobold (D:1)
  3 rats (D:1)
30 creatures vanquished.

Notes
Turn   | Place    | Note
-------+----------+-------------------------------------------
     0 | D:1      | hawla the Deep Elf Earth Elementalist began the quest for
                  | the Orb.
     0 | D:1      | Reached XP level 1. HP: 10/10 MP: 6/6
    98 | D:1      | Found a faded altar of an unknown god.
   176 | D:1      | Reached XP level 2. HP: 12/15 MP: 1/8
   179 | D:1      | Learned a level 2 spell: Passwall
   632 | D:1      | Found Gyedghaqi's Weapon Emporium.
   881 | D:1      | You fall into a shaft and drop 1 floor!
  1027 | D:2      | Reached XP level 3. HP: 19/19 MP: 8/10
  1050 | D:2      | Reached skill level 4 in Earth Magic
  1296 | D:2      | Noticed Jessica
  1312 | D:2      | Found a glowing golden altar of the Shining One.
  1324 | D:2      | Succumbed to an adder's poison

Illustrated notes

Levels and vault maps discovered:
D:1:      dpeg_arrival_simpleton_a, layout_basic, serial_shops, shop,
          chequers_ecumenical_altar_simple, hangedman_decor_slide_cut
D:2:      layout_basic, basic_altar, uniq_terence, uniq_crazy_yiuf_cottage,
          uniq_jessica

Skill      XL: |  1  2  3 |
---------------+----------+-----
Earth Magic    | 4 |  4.0
Dodging        | |  2.6
Stealth        | |  2.6
Spellcasting   | |  3.8
Transmutations | |  1.3

Action                   || total
-------------------------++-------
Melee: Unarmed           ||     1
 Cast: Sandblast         ||    44
       Passwall          ||     4
  Use: Scroll            ||     1
Armor: Robe              ||     3
Dodge: Dodged            ||     5
